 Dungeon Crawl Stone Soup version 0.30-a0-1075-gcd70e7a56d (webtiles) character file.

Game seed: 17252930424762460533

926 graymark the Shield-Bearer (level 8, -6/63 (64) HPs)
             Began as a Formicid Fighter on Apr 14, 2023.
             Killed from afar by a white imp (7 damage)
             ... with a puff of frost
             ... on level 5 of the Dungeon on Apr 15, 2023.
             The game lasted 00:16:29 (4995 turns).

graymark the Shield-Bearer (Formicid Fighter)       Turns: 4995, Time: 00:16:29

HP:   -6/63 (64)    AC: 11    Str: 30    XL:     8   Next: 32%
MP:   0/8           EV: 10    Int:  7    God:
Gold: 201           SH:  5    Dex: 13    Spells: 7/7 levels left

rFire   . . .      SeeInvis +    y - +5 flail
rCold   . . .      Faith    .    c - +0 buckler
rNeg    . . .      Spirit   +    b - +0 scale mail
rPois   .          Reflect  .    (helmet unavailable)
rElec   .          Rampage  .    p - +0 cloak
rCorr   +                        (no gloves)
Will    .....                    B - +1 pair of boots Stlth
                                 k - amulet of guardian spirit
HPRegen 0.30/turn                t - +6 ring of strength
MPRegen 0.11/turn                A - ring of resist corrosion

@: lightly drained
A: permanent stasis, dig shafts and tunnels, antennae 3, four strong arms
a: Dig, Shaft Self


You were on level 5 of the Dungeon.
You visited 2 branches of the dungeon, and saw 7 of its levels.

You collected 201 gold pieces.

Inventory:

Hand Weapons
 a - a +0 war axe
 y - a +5 flail (weapon)
Missiles
 f - 23 poisoned darts (quivered)
 m - a throwing net
Armour
 b - a +0 scale mail (worn)
 c - a +0 buckler (worn)
 p - a +0 cloak (worn)
 v - a +0 chain mail
 B - a +1 pair of boots (worn)
 C - a +0 plate armour
Jewellery
 k - an amulet of guardian spirit (around neck)
 t - a +6 ring of strength (left hand)
 A - a ring of resist corrosion (right hand)
Wands
 u - a wand of flame (43)
 E - a wand of quicksilver (3)
Scrolls
 h - a scroll of fog {unknown}
 i - a scroll of immolation {unknown}
 q - a scroll of vulnerability {unknown}
 r - a scroll of poison {unknown}
 s - a scroll of noise {unknown}
 x - a scroll of amnesia {unknown}
 F - a scroll of torment {unknown}
Potions
 d - 2 potions of might
 e - a potion of invisibility
 g - 3 potions of curing
 j - a potion of heal wounds {unknown}
 l - a potion of lignification {unknown}
 n - 2 potions of magic {unknown}
 o - 2 potions of mutation {unknown}
 w - a potion of berserk rage {unknown}
 z - a potion of ambrosia {unknown}
 D - a potion of haste {unknown}


   Skills:
 + Level 5.9 Fighting
 - Level 3.2(4.0) Axes
 + Level 3.4(4.0) Maces & Flails
 + Level 5.9 Armour
 - Level 6.9 Shields


You had 7 spell levels left.
You didn't know any spells.
Your spell library contained the following spells:

 Spells                   Type           Power      Damage    Failure   Level
 Inner Flame              Hex/Fire       0%         N/A       97%         3
 Yara's Violent Unravell  Hex/Tmut       0%         3d3       100%        5
 Enfeeble                 Hex            0%         N/A       100%        7


Dungeon Overview and Level Annotations

Branches:
Dungeon (6/15)             Temple (1/1) D:5

Altars:
Cheibriados
Dithmenos
Elyvilon
Fedhas
Gozag
Hepliaklqana
Qazlal
Ru
Sif Muna
Uskayaw
Vehumet
Wu Jian
Yredelemnul
Zin

Shops:
D:1 ((*   D:2 (

Annotations:
D:2 exclusion: downstairs


Innate Abilities, Weirdness & Mutations

You cannot be hasted, slowed, berserked, paralysed or teleported.
You can dig through walls and to a lower floor.
You have a pair of large antennae on your head. (SInv)
Your four strong arms can wield two-handed weapons with a shield.


Message History

Unknown command.
The iguana bites you.
The white imp hits you but does no damage.
You block the orc warrior's attack.
You climb upwards.
There is a stone staircase leading down here.
You feel better. The iguana bites you. You block the white imp's attack.
The orc warrior hits you but does no damage.
You extend your mandibles.
You dig through the rock wall.
You feel drained.
The white imp shouts, "Scamper home, thou pandering spur-galled scut!"
The orc warrior hits you from afar with a +0 glaive.
Okay, then.
You retract your mandibles.
You barely miss the iguana. The iguana misses you.
You block the orc warrior's attack.
You sock the iguana!
The iguana is heavily wounded.
The iguana bites you but does no damage.
The orc warrior hits you from afar with a +0 glaive!
* * * LOW HITPOINT WARNING * * *
The iguana closely misses you.
You hit the iguana.
The iguana is almost dead.
The orc warrior hits you from afar with a +0 glaive.
* * * LOW HITPOINT WARNING * * *
The iguana bites you.
* * * LOW HITPOINT WARNING * * *
The orc warrior misses you.
You hit the iguana.
You kill the iguana!
The orc warrior unwields a +0 glaive.
The orc warrior wields a +0 arbalest.
The orc warrior shoots a bolt.
The bolt hits you!
* * * LOW HITPOINT WARNING * * *
The white imp gestures at you. The puff of frost hits you!
* * * LOW HITPOINT WARNING * * *
The white imp gestures at you. The puff of frost hits you!
You die...

#>.♣..##.##..♣.>#...........
##...##...##...##...#.##.###
######.♣.######).###.##.###
#.##...# ##..##.##....
#.###o#########.##.######
#.# ##5............# # #.#
##..##.######## # #.#
#..##.# #.# #.@##.# #.#
#..##.# #.# #.....# #
#.#####..##.# #
#.##.....##.# #
#.##.###.##.# #
#.##.###.##.# #
#.##.....##.# ##
#...........# #<


You could see an orc warrior and a white imp.

Vanquished Creatures
  A water moccasin (D:5)
  A black bear (D:5)
  An ogre (D:4)
  A gnoll sergeant (D:5)
  2 scorpions (D:5)
  A howler monkey (D:6)
  A hound (D:3)
  2 orc priests
  2 sleepcaps
  An iguana (D:5)
  Terence (D:3)
  2 orc wizards (D:3)
  4 gnolls (D:5)
  2 adders (D:5)
  3 white imps
  3 worms
  20 orcs
  10 endoplasms
  4 giant cockroaches
  4 goblins
  10 hobgoblins
  3 quokkas
  7 ball pythons
  5 bats
  3 frilled lizards
  5 kobolds
  7 rats
106 creatures vanquished.

Notes
Turn   | Place    | Note
-------+----------+-------------------------------------------
     0 | D:1      | graymark the Formicid Fighter began the quest for the Orb.
     0 | D:1      | Reached XP level 1. HP: 18/18 MP: 1/1
   270 | D:1      | Found Hink's Antique Weapon Shop.
   280 | D:1      | Reached XP level 2. HP: 17/24 MP: 2/2
   341 | D:1      | Found Tiun's General Store.
   620 | D:1      | Found Vianus's Weapon Emporium.
  1095 | D:2      | Reached XP level 3. HP: 29/29 MP: 3/3
  1226 | D:2      | Found Nofenn's Antique Weapon Boutique.
  1613 | D:3      | Noticed Terence
  1737 | D:3      | Reached XP level 4. HP: 33/37 MP: 2/4
  1780 | D:3      | Killed Terence
  1799 | D:3      | Reached XP level 5. HP: 39/42 MP: 5/5
  1826 | D:3      | Reached skill level 5 in Shields
  2249 | D:3      | Found a white marble altar of Elyvilon.
  2686 | D:4      | Reached XP level 6. HP: 46/49 MP: 6/6
  3355 | D:4      | Noticed an ogre
  3359 | D:4      | Killed an ogre
  3360 | D:4      | Reached skill level 1 in Maces & Flails
  3479 | D:5      | Entered Level 5 of the Dungeon
  3506 | D:5      | Reached XP level 7. HP: 55/55 MP: 7/7
  3523 | D:5      | Found a staircase to the Ecumenical Temple.
  3532 | Temple   | Entered the Ecumenical Temple
  3801 | D:5      | Reached skill level 6 in Shields
  3820 | D:5      | Reached skill level 5 in Fighting
  3820 | D:5      | Reached skill level 5 in Armour
  4100 | D:5      | Noticed a water moccasin
  4105 | D:5      | Killed a water moccasin
  4208 | D:5      | Reached XP level 8. HP: 63/63 MP: 8/8
  4994 | D:5      | HP: 1/63 [white imp/puff of frost (6)]
  4995 | D:5      | Killed from afar by a white imp

Illustrated notes

Levels and vault maps discovered:
D:1:      kilobyte_arrival_exit_the_forest, layout_loops_ring, serial_rivers,
          chequers_serial_rivers_small_3, chequers_serial_rivers_marsh,
          chequers_serial_rivers_marsh, chequers_serial_rivers_micro_d,
          chequers_serial_rivers_large_b, chequers_serial_rivers_room_a,
          serial_shops, nicolae_shop_hallway_stairs, nicolae_diamond_shop,
          nicolae_shop_crystal
D:2:      layout_basic, serial_shops, shop
D:3:      minmay_angry_zag, layout_basic, mainiacjoe_overflow_alcove_4,
          uniq_terence
D:4:      layout_cave_pods, serial_column_ruins, column_ruins_hut,
          column_ruins_hut, column_ruins_open_tiny, column_ruins_grid_1,
          column_ruins_open_tiny
D:5:      layout_basic, minmay_temple_entry_large_hall, grunt_ministairs_4
D:6:      layout_basic, minmay_starry_boxes
Temple:   dshaligram_water_room_temple

Skill      XL: |  1  2  3  4  5  6  7  8 |
---------------+-------------------------+-----
Fighting       | 4 5 |  5.9
Armour         | 4 5 |  5.9
Axes           | 3 |  3.2
Shields        | 5 6 |  6.9
Maces & Flails | 1 2 3 |  3.4

Action                     |  1- 3 |  4- 6 |  7- 9 || total
---------------------------+-------+-------+-------++-------
  Melee: War axe           |    86 |    59 |       ||   145
         Flail             |       |    48 |    93 ||   141
Ability: Dig               |     2 |       |     4 ||     6
    Use: Scroll            |       |     4 |       ||     4
         Potion            |       |       |     4 ||     4
   Stab: Invisible         |       |       |     2 ||     2
 Armour: Scale mail        |    34 |    52 |    46 ||   132
  Dodge: Dodged            |    53 |    49 |    60 ||   162
  Block: Buckler           |    20 |    29 |    31 ||    80

Table legend: (Time is in decaauts)
 A = Elapsed time spent in this place.
 B = Non-inter-level travel time spent in this place.
 C = Inter-level travel time spent in this place.
 D = Time resting spent in this place.
 E = Time spent auto-exploring this place.
 F = Levels seen in this place.
 G = Mean time per level.
                   A        B        C        D        E       F      G
               +--------+--------+--------+--------+--------+-----+--------+
         Total |   5158 |   4913 |    245 |    305 |   3611 |   7 |  736.9 |
       Dungeon |   4933 |   4711 |    222 |    221 |   3511 |   6 |  822.2 |
        Temple |    224 |    201 |     23 |     84 |    100 |   1 |  224.0 |
               +--------+--------+--------+--------+--------+-----+--------+

Top non-repeatable levels by time:
     D:1: 1114 daAuts
     D:5: 1090 daAuts
     D:4: 942 daAuts
     D:3: 927 daAuts
     D:2: 631 daAuts
     D:6: 227 daAuts
  Temple: 224 daAuts
